 Dungeon Crawl Stone Soup version 0.21.1-1-g345015f (webtiles) character file.

12 tidbits the Insei (level 2, 10/23 HPs)
             Began as a Gnoll Wanderer on June 9, 2018.
             Quit the game on level 2 of the Dungeon.
             The game lasted 00:02:37 (226 turns).

tidbits the Insei (Gnoll Wanderer)                   Turns: 226, Time: 00:02:38

Health: 10/23      AC:  3    Str: 12    XL:     2   Next: 33%
Magic:  0/3        EV: 14    Int: 14    God:
Gold:   62         SH:  0    Dex: 16    Spells: 0/1 levels left

rFire    . . .     SeeInvis .   b - +0 spear (flame)
rCold    . . .     Gourm    .   (no shield)
rNeg     . . .     Faith    .   e - +0 leather armour
rPois    .         Spirit   .   (no helmet)
rElec    .         Reflect  .   (no cloak)
rCorr    .         Harm     .   (no gloves)
MR       .....                  (no boots)
Stlth    +.........             (no amulet)
HPRegen  0.07/turn              (no ring)
MPRegen  0.08/turn              (no ring)

@: very slightly contaminated
A: distributed training, fangs 1, strong nose
a: no special abilities


You were on level 2 of the Dungeon.
You were not hungry.

You visited 1 branch of the dungeon, and saw 2 of its levels.

You collected 62 gold pieces.

Inventory:

Hand Weapons
 a - a +0 dagger
 b - a +0 spear of flaming (weapon)
   (You found it on level 1 of the Dungeon)
Armour
 e - a +0 leather armour (worn)
Scrolls
 g - a scroll of fog {unknown}
 h - a scroll of amnesia {unknown}
 i - a scroll of identify {unknown}
Books
 c - Nohonil's Compendium of Creation

   Spells                             Type                      Level
   a - Summon Small Mammal            Summoning                    1
   b - Summon Guardian Golem          Hexes/Summoning              3
 d - the Catalogue of Darkness

   Spells                             Type                      Level
   a - Pain                           Necromancy                   1
   b - Regeneration                   Charms/Necromancy            3
Comestibles
 f - 2 rations


   Skills:
 + Level 2.4 Fighting
 + Level 0.3 Short Blades
 + Level 0.3 Long Blades
 + Level 0.3 Axes
 + Level 0.3 Maces & Flails
 + Level 0.3 Polearms
 + Level 0.3 Staves
 + Level 0.3 Slings
 + Level 0.3 Bows
 + Level 0.3 Crossbows
 + Level 2.4 Throwing
 + Level 0.3 Armour
 + Level 4.4 Dodging
 + Level 0.3 Stealth
 + Level 0.3 Shields
 + Level 4.4 Unarmed Combat
 + Level 0.3 Spellcasting
 + Level 0.2 Conjurations
 + Level 0.2 Hexes
 + Level 0.2 Charms
 + Level 0.2 Summonings
 + Level 2.0 Necromancy
 + Level 0.2 Translocations
 + Level 0.2 Transmutations
 + Level 0.2 Fire Magic
 + Level 0.2 Ice Magic
 + Level 0.2 Air Magic
 + Level 3.7 Earth Magic
 + Level 0.2 Poison Magic
 + Level 0.4 Invocations
 + Level 2.4 Evocations


You couldn't memorise any spells.
You knew the following spells:

 Your Spells              Type           Power        Failure   Level  Hunger
a - Summon Small Mammal   Summ           #...         32%         1    ##.....


Dungeon Overview and Level Annotations

Branches:
Dungeon (2/15)

Altars:


Innate Abilities, Weirdness & Mutations

Your experience applies equally to all skills.
You have very sharp teeth.
Your uncanny sense of smell can sniff out nearby items.


Message History

The slug dart misses you.
Found a hunting sling and 9 gold pieces.
You see here a hunting sling.
Attack whom?
Press: ? - help, Dir - move target cursor, f - dart slug
Aim: a dart slug (clinging)
You reach to attack!
You hit the dart slug but do no damage. The dart slug launches a dart at you.
The slug dart hits you!
Attack whom?
Press: ? - help, Dir - move target cursor, f/p - dart slug
Aim: a dart slug (clinging)
You reach to attack!
You hit the dart slug. You burn the dart slug.
The dart slug is severely wounded.
The dart slug launches a dart at you. The slug dart misses you.
Attack whom?
Press: ? - help, Dir - move target cursor, f/p - dart slug
Aim: a dart slug (severely wounded, clinging)
You reach to attack!
You hit the dart slug. You burn the dart slug.
You kill the dart slug!
You have reached level 2!
Okay, then.
Unknown command.
Memorise Summon Small Mammal, consuming 1 spell level and leaving 0?
You start memorising the spell.
You continue memorising.
You finish memorising.
Spell assigned to 'a'.
You see here 9 gold pieces.
You now have 47 gold pieces (gained 9).
A rat comes into view.
Attack whom?
Press: ? - help, Dir - move target cursor, f - rat
Aim: a rat (resting)
You reach to attack!
The helpless rat fails to defend itself.
You hit the rat. You burn the rat.
You kill the rat!
Found a hand axe.
A bat and a quokka come into view.
Found 15 gold pieces.
Okay, then.
Adjust (i)tems, (s)pells, or (a)bilities?
Adjust which item? (? for menu, Esc to quit)
Okay, then.
Unknown command.
Casting: Summon Small Mammal
Confirm with . or Enter, or press ? or * to list all spells.
You miscast Summon Small Mammal.
You are very lightly contaminated with residual magic.
Shadowy shapes form in the air around you, then vanish.
Casting: Summon Small Mammal
Confirm with . or Enter, or press ? or * to list all spells.
You miscast Summon Small Mammal.
Strange energies run through your body. The quokka closely misses you.
Casting: Summon Small Mammal
Confirm with . or Enter, or press ? or * to list all spells.
You miscast Summon Small Mammal.
Nothing appears to happen.
The quokka closely misses you.
You closely miss the quokka. The quokka closely misses you.
You hit the quokka but do no damage. The quokka barely misses you.
The quokka bites you.
You hit the quokka. You burn the quokka.
You kill the quokka!
The bat misses you.
Attack whom?
Press: ? - help, Dir - move target cursor, f - bat
Aim: a bat You reach to attack!
You hit the bat. You burn the bat.
You kill the bat!
A frilled lizard comes into view.
The frilled lizard hisses angrily.
No target in view!
The frilled lizard bites you.
You closely miss the frilled lizard. The frilled lizard bites you.
* * * LOW HITPOINT WARNING * * *
You are too injured to fight recklessly!
You are too injured to fight recklessly!
You are too injured to fight recklessly!
You barely miss the frilled lizard. The frilled lizard barely misses you.
You completely miss the frilled lizard.
You bite the frilled lizard, but do no damage.
The frilled lizard barely misses you. x2
You hit the frilled lizard. You burn the frilled lizard.
You kill the frilled lizard!
Found a scroll labeled QOUTHR SEPN and 13 gold pieces.
You see here 15 gold pieces.
You now have 62 gold pieces (gained 15).
An adder comes into view.
The adder hisses angrily.
Casting: Summon Small Mammal
Confirm with . or Enter, or press ? or * to list all spells.
You miscast Summon Small Mammal.
Nothing appears to happen.
You are too injured to fight recklessly!
Attack whom?
Press: ? - help, Dir - move target cursor, f - adder
Aim: an adder You reach to attack!
You hit the adder but do no damage. The adder bites you but does no damage.
Are you sure you want to abandon this character and quit the game? (Confirm with "yes".)

##.......#
###........#
....$.?...#
#........#
#.......#
#....#.#
##..S...#
#...@...#
##.......#
##....†..##
###.....##.#
#..........###
#.#.....#..)....
# ##.......#####
##.###..#
#......#


You could see an adder.

Vanquished Creatures
  A dart slug (D:2)
  A ball python (D:1)
  3 bats
  A hobgoblin (D:1)
  A quokka (D:2)
  A frilled lizard (D:2)
  A kobold (D:1)
  A rat (D:2)
10 creatures vanquished.

Notes
Turn   | Place    | Note
-------+----------+-------------------------------------------
     0 | D:1      | tidbits the Gnoll Wanderer began the quest for the Orb.
     0 | D:1      | tidbits set off with: a +0 leather armour, 2 throwing nets {!f}, Nohonil's Compendium of Creation, the Catalogue of Darkness, a +0 dagger, a ration
     0 | D:1      | Reached XP level 1. HP: 17/17 MP: 2/2
     0 | D:1      | Identified Nohonil's Compendium of Creation
     0 | D:1      | Identified the Catalogue of Darkness
    94 | D:1      | Reached skill level 2 in Necromancy
   188 | D:2      | Reached XP level 2. HP: 14/23 MP: 3/3
   191 | D:2      | Learned a level 1 spell: Summon Small Mammal
   226 | D:2      | Quit the game

Skill      XL: |  1 |
---------------+----+-----
Necromancy     | 2 |  2.0
Fighting       | |  2.4
Short Blades   | |  0.3
Long Blades    | |  0.3
Axes           | |  0.3
Maces & Flails | |  0.3
Polearms       | |  0.3
Staves         | |  0.3
Slings         | |  0.3
Bows           | |  0.3
Crossbows      | |  0.3
Throwing       | |  2.4
Armour         | |  0.3
Dodging        | |  4.4
Stealth        | |  0.3
Shields        | |  0.3
Unarmed Combat | |  4.4
Spellcasting   | |  0.3
Conjurations   | |  0.2
Hexes          | |  0.2
Charms         | |  0.2
Summonings     | |  0.2
Translocations | |  0.2
Transmutations | |  0.2
Fire Magic     | |  0.2
Ice Magic      | |  0.2
Air Magic      | |  0.2
Earth Magic    | |  3.7
Poison Magic   | |  0.2
Invocations    | |  0.4
Evocations     | |  2.4

Action                   || total
-------------------------++-------
Melee: Spear             ||    21
       Dagger            ||     8
       Bite              ||     2
Throw: Throwing net      ||     4
 Stab: Sleeping          ||     1
Armor: Leather armour    ||     5
Dodge: Dodged            ||    24

Table legend:
 A = Turns spent in this place as a percentage of turns spent in the entire game.
 B = Non-inter-level travel turns spent in this place as a percentage of non-inter-level travel turns spent in the entire game.
 C = Inter-level travel turns spent in this place as a percentage of turns spent in this place.
 D = Turns resting spent in this place as a percentage of non-inter-level travel turns spent in this place.
 E = Turns spent auto-exploring this place as a percentage of non-inter-level travel turns spent in this place.
 F = Non-inter-level travel turns spent in this place divided by the number of levels of this place that you've seen.
                   A       B       C       D       E      F
               +-------+-------+-------+-------+-------+----------------------
         Total | 100.0 | 100.0 |   0.0 |   0.0 |   0.0 | 113.0
       Dungeon | 100.0 | 100.0 |   0.0 |   0.0 |   0.0 | 113.0
               +-------+-------+-------+-------+-------+----------------------

Table legend:
 A = Kills in this place as a percentage of kills in entire the game.
 B = Kills by you in this place as a percentage of kills by you in the entire game.
 C = Kills by friends in this place as a percentage of kills by friends in the entire game.
 D = Other kills in this place as a percentage of other kills in the entire game.
 E = Experience gained in this place as a percentage of experience gained in the entire game.
 F = Experience gained in this place divided by the number of levels of this place that you have seen.
                   A       B       C       D       E      F
               +-------+-------+-------+-------+-------+----------------------
         Total | 100.0 | 100.0 |   N/A |   N/A | 100.0 |   9.0
       Dungeon | 100.0 | 100.0 |   N/A |   N/A | 100.0 |   9.0
               +-------+-------+-------+-------+-------+----------------------

Vault maps used:
D:1:      minmay_arrival_diagonal_passages
D:2:      uniq_sigmund
